 Dungeon Crawl Stone Soup version 0.13.1-28-g3517093 (console) character file.

13339 Lucky the Severer (level 11, -4/144 HPs)
             Began as a Hill Orc Berserker on Mar 15, 2014.
             Was a High Priest of Trog.
             Slain by Paper's ghost (26 damage)
             ... on Level 4 of the Orcish Mines.
             The game lasted 00:36:58 (4798 turns).

Lucky the Severer (Hill Orc Berserker)              Turns: 4798, Time: 00:36:58

HP  -4/144       AC 15     Str 26      XL: 11   Next: 82%
MP   0/3         EV  7     Int  7      God: Trog [*****.]
Gold 1589        SH  0     Dex 13      Spells:  0 memorised, 10 levels left

Res.Fire  : . . .   See Invis. : .   g - +1,+3 orc battleaxe (antimagic)
Res.Cold  : . . .   Warding    : .   b - +0 orc plate armour
Life Prot.: . . .   Conserve   : .   (no shield)
Res.Poison: .       Res.Corr.  : .   (no helmet)
Res.Elec. : .       Clarity    : +   (no cloak)
Sust.Abil.: . .     Spirit.Shd : .   (no gloves)
Res.Mut.  : .       Stasis     : .   (no boots)
Res.Rott. : .       Flight     : .   t - amulet of clarity
Saprovore : + . .                    (no ring)
                                     a - ring of flight

@: berserking, very quick, somewhat resistant to hostile enchantments, extremely
unstealthy
A: saprovore 1, wild magic 1
a: Burn Spellbooks, Berserk, Trog's Hand, Brothers in Arms, Renounce Religion,
Evoke Flight


You were on level 4 of the Orcish Mines.
You worshipped Trog.
Trog was extremely pleased with you.
You were not hungry.

You visited 2 branches of the dungeon, and saw 15 of its levels.
You also visited: Ossuary.

You collected 1569 gold pieces.

Inventory:

Hand weapons
 g - a +1,+3 orcish anti-magic battleaxe (weapon)
 m - a +0 blowgun
 p - a +0,+1 orcish war axe
 v - a +0 blowgun
 B - a cursed +2,+3 dagger of distortion (quivered)
 M - a +2,+2 orcish war axe
Missiles
 q - 2 curare-tipped needles
Armour
 b - a +0 orcish plate armour (worn)
 j - the +3 robe "Bihimi Zimu" {rF+ Str+2}
   (You found it on level 4 of the Dungeon)

   It affects your strength (+2).
   It protects you from fire.
 o - a +3 leather armour of cold resistance
 w - a +0 troll hide
Magical devices
 d - a wand of fire (0)
 u - a wand of digging (9)
 x - a wand of digging (6)
Comestibles
 f - 5 chunks of ogre flesh
Scrolls
 c - 3 scrolls of enchant weapon II
 e - 2 scrolls of remove curse
 h - 2 scrolls of magic mapping {unknown}
 l - 2 scrolls of immolation {unknown}
 n - a scroll of recharging {unknown}
 I - a scroll of enchant weapon I {unknown}
 J - a scroll of enchant armour {unknown}
Jewellery
 a - a ring of flight (left hand)
 t - an amulet of clarity (around neck)
Potions
 i - 2 potions of curing
 k - a potion of might
 A - 3 potions of agility {unknown}
 F - a potion of brilliance
Books
 H - a book of Death

   Spells                             Type                      Level
   Corpse Rot                         Necromancy                   2
   Sublimation of Blood               Necromancy                   2
   Agony                              Necromancy                   5
   Dispel Undead                      Necromancy                   5
   Excruciating Wounds                Charms/Necromancy            5
   Bolt of Draining                   Conjuration/Necromancy       6
   Trog disapproves of the use of such an item.


   Skills:
 + Level 11.2 Fighting
 * Level 16.5 Axes
 + Level 10.3 Armour
 - Level 1.5 Dodging


You had 10 spell levels left.
You didn't know any spells.

Dungeon Overview and Level Annotations

Branches:
Dungeon (11/27)               Orc (4/4) D:11            Elf (0/3) Orc:3
 Temple: D:4-7         Lair: D:8-13

Altars:
Ashenzari
Zin

Portals:
Trove: D:11 (show slimy rune of Zot)

Annotations:
Orc:4 Paper's ghost, powerful HOBe


Innate Abilities, Weirdness & Mutations

You can tolerate rotten meat.
Your spells are a little harder to cast, but a little more powerful.


Message History

You closely miss Paper's ghost. You closely miss Paper's ghost.
Paper's ghost hits you!
* * * LOW HITPOINT WARNING * * *
You slice Paper's ghost!!
Paper's ghost is lightly damaged.
Your skin stops crawling.
You feel less resistant to hostile enchantments.
Paper's ghost hits you!
* * * LOW HITPOINT WARNING * * *
You hit Paper's ghost but do no damage.
Paper's ghost is lightly damaged.
You slash Paper's ghost!
Paper's ghost is moderately damaged.
Paper's ghost hits you but does no damage.
You hit Paper's ghost but do no damage.
Paper's ghost is moderately damaged.
You slice Paper's ghost!!
Paper's ghost is severely damaged.
Paper's ghost hits you!
You die...

##.##.#####[.........
#.### ##...........
#.# #.........#.. #.#
###...........
#.##.#.........#.
##).............
##(#.........#..#
#.###...........#
#.####@....#..... #.#
##.p.#...#... #.#
#...#...###. ##
##..#).#.##
##.........#
..#....#.##.##
..........###
#....#.....###
##...........#


You could see Paper's ghost.

Vanquished Creatures
  Erolcha (Orc:1)
  An orc sorcerer (Orc:4)
  Psyche (D:9)
  Grinder (D:5)
  2 trolls
  Sonja (Orc:4)
  A two-headed ogre (D:9)
  A slime creature (D:8)
  A shadow (D:11)
  Eustachio (D:5)
  6 yaks (D:10)
  A hungry ghost (D:9)
  2 manticores
  12 orc warriors
  3 phantoms
  A sky beast (D:6)
  A black bear (D:10)
  A warg (Orc:2)
  5 ogres
  3 centaurs
  Sigmund (D:5)
  Duvessa (Orc:1)
  3 giant frogs
  5 killer bees (D:11)
  4 wights (D:10)
  A centaur zombie (Ossuary)
  Dowan (Orc:1)
  3 crimson imps
  3 hounds
  9 orc priests
  7 jellies
  6 worker ants
  An iron imp (D:5)
  13 orc wizards
  An iguana (D:10)
  6 big kobold zombies (Ossuary)
  3 mummies
  2 giant centipedes (D:10)
  A green rat (D:5)
  A giant mite (D:4)
  A steam dragon skeleton (D:6)
  3 adders
  A worm (D:3)
  An adder skeleton (D:8)
  A giant eyeball (D:6)
  3 giant geckos
  10 oozes (D:8)
  102 orcs
  4 bats
  2 bat skeletons
  3 giant cockroaches
  7 goblins
  13 hobgoblins
  2 jackals (D:7)
  A ball python (D:3)
  2 giant newts
  A goblin zombie (Ossuary)
  A hobgoblin zombie (Ossuary)
  4 kobolds
  5 orc zombies (Ossuary)
  A quokka skeleton (D:8)
  4 rats
  2 fungi (D:8)
292 creatures vanquished.

Vanquished Creatures (collateral kills)
  Saint Roka (Orc:4)
  An orc sorcerer (Orc:4)
  A troll (Orc:4)
3 creatures vanquished.

Vanquished Creatures (others)
  A fungus (D:8)
1 creature vanquished.

Grand Total: 296 creatures vanquished

Notes
Turn   | Place    | Note
--------------------------------------------------------------
     0 | D:1      | Lucky, the Hill Orc Berserker, began the quest for the Orb.
     0 | D:1      | Reached XP level 1. HP: 19/19 MP: 0/0
   174 | D:3      | Reached XP level 2. HP: 26/26 MP: 1/1
   211 | D:2      | Found a shattered altar of Ashenzari.
   300 | D:4      | Reached skill level 5 in Axes
   300 | D:4      | Reached XP level 3. HP: 33/33 MP: 2/2
   410 | D:4      | Reached XP level 4. HP: 40/40 MP: 3/3
   451 | D:5      | Entered Level 5 of the Dungeon
   475 | D:5      | Noticed Eustachio
   520 | D:5      | HP: 2/60 [hound (5)]
   699 | D:5      | Noticed Grinder
   706 | D:5      | Killed Grinder
   706 | D:5      | Reached skill level 5 in Fighting
   706 | D:5      | Reached skill level 7 in Axes
   706 | D:5      | Reached XP level 5. HP: 23/47 MP: 4/4
   706 | D:5      | Reached XP level 6. HP: 25/53 MP: 5/5
   749 | D:5      | HP: 3/79 [poisoned by a worker ant]
   761 | D:5      | HP: 2/55 [poisoned by a worker ant]
   936 | D:5      | Noticed Sigmund
  1096 | D:4      | Got a warped robe
  1117 | D:5      | Found a sand-covered staircase.
  1127 | Ossuary  | Entered an ossuary
  1136 | Ossuary  | Identified the +3 robe "Bihimi Zimu" {rF+ Str+2} (You found it on level 4 of the Dungeon)
  1147 | Ossuary  | Reached XP level 7. HP: 60/60 MP: 6/6
  1325 | D:6      | Acquired Trog's second power
  1363 | D:6      | Reached skill level 8 in Axes
  1365 | D:6      | Reached skill level 5 in Armour
  1470 | D:5      | Killed Sigmund
  1470 | D:5      | Reached XP level 8. HP: 69/69 MP: 7/7
  1542 | D:5      | Killed Eustachio
  1542 | D:5      | Reached skill level 9 in Axes
  1751 | D:6      | Paralysed by a giant eyeball for 4 turns
  1757 | D:6      | Paralysed by a giant eyeball for 4 turns
  1776 | D:7      | Reached skill level 10 in Axes
  2122 | D:8      | Found a glowing silver altar of Zin.
  2171 | D:9      | Noticed a two-headed ogre
  2196 | D:9      | HP: 3/70 [two-headed ogre/giant spiked club (6)]
  2207 | D:9      | Killed a two-headed ogre
  2207 | D:9      | Reached skill level 11 in Axes
  2207 | D:9      | Reached XP level 9. HP: 7/77 MP: 8/8
  2245 | D:8      | Noticed a slime creature
  2282 | D:8      | Killed a slime creature
  2466 | D:9      | Noticed Psyche
  2475 | D:9      | Killed Psyche
  2475 | D:9      | Reached skill level 12 in Axes
  2584 | D:10     | Entered Level 10 of the Dungeon
  2615 | D:10     | HP: 2/78 [centaur/arrow (12)]
  2773 | D:11     | Reached XP level 10. HP: 18/86 MP: 9/9
  2804 | D:10     | Reached skill level 13 in Axes
  3189 | D:11     | Found a portal to a secret trove of treasure.
  3275 | D:11     | Reached skill level 14 in Axes
  3341 | D:11     | Found a staircase to the Orcish Mines.
  3393 | Orc:1    | Entered Level 1 of the Orcish Mines
  3402 | Orc:1    | Noticed Erolcha
  3418 | Orc:1    | Reached skill level 10 in Fighting
  3473 | Orc:1    | Killed Erolcha
  3652 | Orc:1    | Acquired Trog's third power
  3678 | Orc:1    | Noticed Dowan
  3680 | Orc:1    | Noticed Duvessa
  3745 | Orc:1    | Killed Dowan
  3748 | Orc:1    | Killed Duvessa
  3748 | Orc:1    | Reached XP level 11. HP: 95/95 MP: 10/10
  3980 | Orc:2    | Reached skill level 15 in Axes
  4180 | Orc:3    | Found a staircase to the Elven Halls.
  4347 | Orc:4    | Entered Level 4 of the Orcish Mines
  4393 | Orc:4    | Noticed Saint Roka
  4429 | Orc:3    | Gained mutation: Your spells are a little harder to cast, but a little more powerful. [potion of beneficial mutation]
  4547 | Orc:4    | Killed Saint Roka
  4547 | Orc:4    | Reached skill level 16 in Axes
  4547 | Orc:4    | Reached skill level 10 in Armour
  4683 | Orc:4    | Received a gift from Trog
  4729 | Orc:4    | Noticed Sonja
  4760 | Orc:4    | Killed Sonja
  4776 | Orc:4    | Noticed Paper's ghost (powerful HOBe)
  4798 | Orc:4    | Slain by Paper's ghost

Action                   |  1- 3 |  4- 6 |  7- 9 | 10-12 || total
-------------------------+-------+-------+-------+-------++-------
Melee: Hand axe          |    49 |    62 |   126 |     2 ||   239
       War axe           |       |       |   182 |   331 ||   513
       Battleaxe         |       |       |       |    48 ||    48
Invok: Berserk           |     3 |     5 |    11 |    14 ||    33
       Trog's Hand       |       |       |    13 |    17 ||    30
       Brothers in Arms  |       |       |       |     1 ||     1
Evoke: Wand              |       |       |     5 |    10 ||    15
  Use: Potion            |     1 |     3 |     1 |     4 ||     9
       Scroll            |       |       |     2 |     8 ||    10
